 Dungeon Crawl Stone Soup version 0.23.2-40-g277498a001 (webtiles) character file.

Game seed: 16959262325498497759

42 OrcJesus the Magician (level 3, -1/16 HPs)
             Began as a Spriggan Enchanter on Aug 27, 2019.
             Slain by an ogre
             ... wielding a +0 giant club
              (17 damage)
             ... on level 4 of the Dungeon.
             The game lasted 00:05:56 (1175 turns).

OrcJesus the Magician (Spriggan Enchanter)          Turns: 1175, Time: 00:05:57

Health: -1/16      AC:  2    Str:  4    XL:     3   Next: 33%
Magic:  3/10       EV: 19    Int: 17    God:
Gold:   71         SH:  0    Dex: 16    Spells: 2/11 levels left

rFire    . . .     SeeInvis +   a - +1 dagger (flame)
rCold    . . .     Gourm    .   (shield restricted)
rNeg     . . .     Faith    .   b - +0 robe
rPois    .         Spirit   .   (helmet restricted)
rElec    .         Reflect  .   (no cloak)
rCorr    .         Harm     .   (gloves unavailable)
MR       .....                  (boots unavailable)
Stlth    +++.......             (no amulet)
HPRegen  0.05/turn              m - +1 ring of evasion
MPRegen  0.12/turn              (no ring)

@: very quick
A: very small, unfitting armour, see invisible, herbivore, speed 3, slow
metabolism 2
a: no special abilities


You were on level 4 of the Dungeon.
You were not hungry.

You visited 1 branch of the dungeon, and saw 3 of its levels.

You collected 71 gold pieces.

Inventory:

Hand Weapons
 a - a +1 dagger of flaming (weapon)
Armour
 b - a +0 robe (worn)
 j - a +0 buckler
Jewellery
 c - an uncursed ring of fire
 m - a +1 ring of evasion (left hand)
Scrolls
 d - a scroll of fog {unknown}
 e - a scroll of teleportation {unknown}
 g - 2 scrolls of identify {unknown}
 h - 2 scrolls of immolation {unknown}
 l - a scroll of enchant armour {unknown}
Potions
 f - a potion of ambrosia {unknown}
 k - a potion of curing {unknown}
Comestibles
 i - 4 rations


   Skills:
 - Level 1.1 Short Blades
 - Level 3.0 Dodging
 - Level 4.4 Stealth
 + Level 4.8 Spellcasting
 - Level 3.6 Hexes


You had 2 spell levels left.
You knew the following spells:

 Your Spells              Type           Power        Failure   Level  Hunger
a - Ensorcelled Hibernat  Hex/Ice        ##....       11%         2    #......
c - Confuse               Hex            ###.....     10%         3    ###....
z - Dazzling Spray        Conj/Hex       ##....       21%         3    ###....
A - Corona                Hex            ###....      3%          1    None

Your spell library contained the following spells:

 Spells                   Type           Power        Failure   Level  Hunger
 Tukima's Dance           Hex            ###.....     10%         3    ###....


Dungeon Overview and Level Annotations

Branches:
Dungeon (2/15)

Altars:
Ashenzari


Innate Abilities, Weirdness & Mutations

You are very small and have problems with some larger weapons.
You are too small for most types of armour.
You have supernaturally acute eyesight. (SInv)
You are a herbivore.
You cover ground extremely quickly.
You need to consume almost no food.


Message History

Confirm with . or Enter, or press ? or * to list all spells.
Aiming: Ensorcelled Hibernation (safe; 11% risk of failure)
Press: ? - help, Shift-Dir - straight line, f/p - ogre
Aim: an ogre, wielding a +0 giant club (chance to defeat MR: 41%)
The ogre resists with some effort.
Casting: Ensorcelled Hibernation (safe; 11% risk of failure)
Confirm with . or Enter, or press ? or * to list all spells.
Aiming: Ensorcelled Hibernation (safe; 11% risk of failure)
Press: ? - help, Shift-Dir - straight line, f/p - ogre
Aim: an ogre, wielding a +0 giant club (chance to defeat MR: 41%)
The ogre resists with some effort.
Casting: Ensorcelled Hibernation (safe; 11% risk of failure)
Confirm with . or Enter, or press ? or * to list all spells.
Aiming: Ensorcelled Hibernation (safe; 11% risk of failure)
Press: ? - help, Shift-Dir - straight line, f/p - ogre
Aim: an ogre, wielding a +0 giant club (chance to defeat MR: 41%)
The ogre resists with some effort.
The ogre hits you with a +0 giant club!
Ouch! That really hurt!
You die...

### #.# ##.##
###.O.##
#.#@...#
#.#....#
#......#
#......#
..###.....#
..........##
####......###
##.......#
#.#........#


You could see an ogre.

Vanquished Creatures
  An adder (D:2)
  2 leopard geckos
  4 goblins
  8 hobgoblins
  A ball python (D:1)
  4 bats
  A frilled lizard (D:1)
  3 kobolds
  7 rats
31 creatures vanquished.

Notes
Turn   | Place    | Note
-------+----------+-------------------------------------------
     0 | D:1      | OrcJesus the Spriggan Enchanter began the quest for the
                  | Orb.
     0 | D:1      | Reached XP level 1. HP: 9/9 MP: 5/5
   287 | D:1      | Reached XP level 2. HP: 11/13 MP: 5/7
   291 | D:1      | Learned a level 2 spell: Ensorcelled Hibernation
   798 | D:2      | Reached XP level 3. HP: 8/16 MP: 9/9
   970 | D:2      | Learned a level 3 spell: Confuse
   974 | D:2      | Learned a level 3 spell: Dazzling Spray
   989 | D:2      | Found a shattered altar of Ashenzari.
  1148 | D:2      | You fall through a shaft for 2 floors!
  1153 | D:4      | Noticed an ogre
  1175 | D:4      | Slain by an ogre

Skill      XL: |  1  2 |
---------------+-------+-----
Spellcasting   | 3 4 |  4.8
Short Blades   | |  1.1
Dodging        | |  3.0
Stealth        | |  4.4
Hexes          | |  3.6

Action                   || total
-------------------------++-------
Melee: Dagger            ||    80
 Cast: Ensorcelled Hiber ||     8
 Stab: Sleeping          ||    11
       Distracted        ||     1
Armor: Robe              ||     4
Dodge: Dodged            ||    65
